 Dungeon Crawl Stone Soup version 0.29.1-15-g9cfb28693d (webtiles) character file.

Game seed: 1490823881260284191

29 Smoke131 the Firebug (level 3, 0/26 HPs)
             Began as a Draconian Fire Elementalist on Feb 26, 2023.
             Frozen to death by an endoplasm (5 damage)
             ... on level 1 of the Dungeon.
             The game lasted 00:02:09 (911 turns).

Smoke131 the Firebug (Draconian Fire Elementalist)   Turns: 911, Time: 00:02:10

Health: 0/26       AC:  5    Str: 10    XL:     3   Next: 1%
Magic:  0/6        EV: 12    Int: 17    God:
Gold:   22         SH:  0    Dex: 11    Spells: 3/6 levels left

rFire   . . .      SeeInvis .   g - +0 mace
rCold   . . .      Faith    .   (no shield)
rNeg    . . .      Spirit   .   (body armour unavailable)
rPois   .          Reflect  .   (helmet restricted)
rElec   .          Harm     .   (no cloak)
rCorr   .          Rampage  .   (no gloves)
Will    .....                   (no boots)
Stlth   ++........              (no amulet)
HPRegen 0.08/turn               (no ring)
MPRegen 0.10/turn               (no ring)

@: slowed, very slow
A: AC +5, unfitting armour, cold-blooded
a: no special abilities


You were on level 1 of the Dungeon.
You visited 1 branch of the dungeon, and saw 1 of its levels.

You collected 22 gold pieces.

Inventory:

Hand Weapons
 g - a +0 mace (weapon)
Scrolls
 b - a scroll of vulnerability {unknown}
 c - a scroll of noise {unknown}
 d - 2 scrolls of identify {unknown}
 f - a scroll of enchant armour {unknown}


   Skills:
 + Level 2.2 Dodging
 - Level 1.7 Stealth
 + Level 2.3 Spellcasting
 + Level 1.6 Conjurations
 + Level 3.3 Fire Magic


You had 3 spell levels left.
You knew the following spells:

 Your Spells              Type           Power      Damage    Failure   Level
a - Foxfire               Conj/Fire      40%        2x1d6     7%          1
b - Scorch                Fire           26%        2d6       7%          2

Your spell library contained the following spells:

 Spells                   Type           Power      Damage    Failure   Level
 Conjure Flame            Conj/Fire      10%        6-21      21%         3
 Inner Flame              Hex/Fire       7%         N/A       28%         3
 Flame Wave               Conj/Fire      10%        2d6       54%         4


Dungeon Overview and Level Annotations

Branches:
Dungeon (1/15)

Altars:


Innate Abilities, Weirdness & Mutations

Your plain brown scales are hard. (AC +5)
You cannot fit into any form of body armour.
You are cold-blooded and may be slowed by cold attacks.


Message History

You are frozen.
* * * LOW HITPOINT WARNING * * *
You feel as though you will be slow longer.
The endoplasm hits you but does no damage.
The endoplasm attacks as you move away!
The endoplasm hits you but does no damage.
The endoplasm attacks as you move away! The endoplasm barely misses you.
The endoplasm freezes you.
You are frozen.
* * * LOW HITPOINT WARNING * * *
Casting: Foxfire (safe; 8% risk of failure)
Confirm with . or Enter, or press ? or * to list all spells.
You conjure some foxfire!
The endoplasm barely misses you.
The hobgoblin hits you but does no damage.
The endoplasm attacks as you move away! The endoplasm barely misses you.
The hobgoblin attacks as you move away!
The hobgoblin hits you but does no damage.
The foxfire hits the hobgoblin.
The hobgoblin is lightly wounded.
The foxfire hits the hobgoblin.
You kill the hobgoblin!
The endoplasm hits you but does no damage.
You have reached level 3!
Your experience leads to an increase in your attributes!
Increase (S)trength, (I)ntelligence, or (D)exterity?
You feel clever. x2; Your scales feel tougher.
You feel better. The quokka bites you.
The endoplasm hits you but does no damage.
Casting: Foxfire (safe; 7% risk of failure)
Confirm with . or Enter, or press ? or * to list all spells.
You conjure some foxfire!
The quokka bites you but does no damage.
The endoplasm freezes you.
You are frozen.
* * * LOW HITPOINT WARNING * * *
The quokka bites you.
* * * LOW HITPOINT WARNING * * *
The endoplasm freezes you.
You are frozen.
You die...

.~≈≈≈≈≈≈≈~...)### #.#
################### #.#
#......# ###.. #......#
########...# #......#
#........### ####......#
##.######## #
...#......###########..# #
##...).........r.v.##.## #
###....†.###.†J@v>...## #
#......##..#####....#######
# ######.##.## ####.......#
# .. #.)..# #..........####
#.. ###..)# #.......)....##
#.# #...#.###
#......†..##.#. #..##
#.###...# #.........##.#.
...##.#
###.########.######.#.
#.#..# #......###..........


You could see an endoplasm (ally target) and a quokka (ally target).

Vanquished Creatures
  2 endoplasms (D:1)
  A giant cockroach (D:1)
  3 goblins (D:1)
  4 hobgoblins (D:1)
  2 jackals (D:1)
  2 ball pythons (D:1)
  2 bats (D:1)
  7 kobolds (D:1)
  4 rats (D:1)
27 creatures vanquished.

Vanquished Creatures (others)
  61 foxfires (D:1)
  A plant (D:1)
62 creatures vanquished.

Grand Total: 89 creatures vanquished

Notes
Turn   | Place    | Note
-------+----------+-------------------------------------------
     0 | D:1      | Smoke131 the Draconian Fire Elementalist began the quest
                  | for the Orb.
     0 | D:1      | Reached XP level 1. HP: 14/14 MP: 3/3
   233 | D:1      | Reached XP level 2. HP: 20/20 MP: 0/5
   245 | D:1      | Learned a level 2 spell: Scorch
   321 | D:1      | Found a faded altar of an unknown god.
   910 | D:1      | Reached XP level 3. HP: 4/26 MP: 1/6
   911 | D:1      | Frozen to death by an endoplasm

Illustrated notes

Levels and vault maps discovered:
D:1:      nzn_arrival_depleted_hourglass, layout_rooms,
          dreamdust_ecumenical_altar_grove

Skill      XL: |  1  2 |
---------------+-------+-----
Dodging        | 2 |  2.2
Stealth        | |  1.7
Spellcasting   | |  2.3
Conjurations   | |  1.6
Fire Magic     | |  3.3

Action                   || total
-------------------------++-------
Melee: Whip              ||     9
       Tailslap          ||     2
       Unarmed           ||     1
       Mace              ||     5
 Cast: Foxfire           ||    38
  Use: Potion            ||     3
Armor: Skin              ||    33
Dodge: Dodged            ||    49
